 Dungeon Crawl Stone Soup version 0.30-a0-57-g8b159a9891 (webtiles) character file.

Game seed: 14208311392986908919

12061 Malachi the Marksdemonspawn (level 11, -3/72 HPs)
             Began as a Demonspawn Hunter on Sept 12, 2022.
             Was a Plaything of Xom.
             Slain by a troll simulacrum (7 damage)
             ... in an ice cave.
             The game lasted 00:16:13 (12843 turns).

Malachi the Marksdemonspawn (Demonspawn Hunter)    Turns: 12843, Time: 00:16:14

Health: -3/72      AC: 10    Str: 16    XL:     11   Next: 57%
Magic:  11/11      EV: 12    Int: 12    God:    Xom [..*...]
Gold:   831        SH:  0    Dex: 22    Spells: 10/10 levels left

rFire   + . .      SeeInvis +    A - +6 arbalest "Tirapleb" {vorpal, *Slow rF+ Int+2}
rCold   . . .      Faith    .    (shield currently unavailable)
rNeg    + + .      Spirit   .    c - +1 leather armour
rPois   +          Reflect  .    E - +1 helmet of the True Pharaoh {rN++ Dex+3 SInv}
rElec   .          Harm     .    (no cloak)
rCorr   +          Rampage  .    t - +0 pair of gloves
Will    +....                    (no boots)
Stlth   ++........               n - amulet of the acrobat
HPRegen 0.22/turn                d - ring of resist corrosion
MPRegen 0.12/turn                z - ring of poison resistance

@: about to teleport, slowed, unable to drink, very slow
A: thin metallic scales 2, foul stench 1, demonic magic 2, demonic touch 2,
strong-willed 1, strong 1, wild magic 1, inability to drink after injury 1
a: Renounce Religion


You were in an ice cave.
You worshipped Xom.
You were a toy of Xom.
You visited 1 branch of the dungeon, and saw 11 of its levels.
You also visited: Ice Cave.

You collected 831 gold pieces.

Inventory:

Hand Weapons
 A - the +6 arbalest "Tirapleb" (weapon) {vorpal, *Slow rF+ Int+2}
   (You acquired it on level 6 of the Dungeon)

   Any ammunition fired from it inflicts extra damage upon your enemies.
   Int:       It affects your intelligence (+2).
   rF:        It protects you from fire.
   *Slow:     It may slow you when you take damage.
Missiles
 l - a throwing net
 m - 12 curare-tipped darts
 o - 32 poisoned darts
Armour
 c - a +1 leather armour (worn)
 t - a +0 pair of gloves (worn)
 E - the +1 helmet of the True Pharaoh (worn) {rN++ Dex+3 SInv}
   (You found it on level 3 of the Dungeon)

   Dex:       It affects your dexterity (+3).
   rN:        It greatly protects you from negative energy.
   SInv:      It lets you see invisible.
Jewellery
 d - a ring of resist corrosion (left hand)
 j - a ring of protection from fire
 n - an amulet of the acrobat (around neck)
 z - a ring of poison resistance (right hand)
 C - a ring of ice
 H - a +4 ring of evasion
Wands
 e - a wand of mindburst (16)
 y - a wand of flame (58)
 D - a wand of digging (4)
 F - a wand of charming (3)
Scrolls
 b - 2 scrolls of immolation
 f - 3 scrolls of teleportation
 g - 2 scrolls of fog
 i - 3 scrolls of fear
 q - a scroll of enchant armour
 s - 2 scrolls of silence
 u - 3 scrolls of identify
 w - a scroll of magic mapping
 B - 4 scrolls of enchant weapon
 G - a scroll of amnesia
Potions
 a - a potion of flight
 h - a potion of attraction
 k - a potion of haste {unknown}
 p - 5 potions of curing
 v - 2 potions of magic
 x - a potion of mutation
 I - a potion of might


   Skills:
 - Level 2.0 Fighting
 + Level 17.0 Ranged Weapons
 - Level 1.7 Dodging
 - Level 0.9 Stealth


You had 10 spell levels left.
You didn't know any spells.
Your spell library contained the following spells:

 Spells                   Type           Power      Damage    Failure   Level
 Necrotise                Necr           0%         1d4       47%         1
 Sublimation of Blood     Necr           0%         N/A       61%         2
 Confusing Touch          Hex            0%         N/A       83%         3
 Inner Flame              Hex/Fire       0%         N/A       83%         3
 Ozocubu's Armour         Ice            0%         N/A       83%         3
 Vampiric Draining        Necr           0%         2d6       83%         3
 Cause Fear               Hex            0%         N/A       99%         4
 Petrify                  Tmut/Erth      0%         N/A       99%         4
 Summon Ice Beast         Ice/Summ       0%         N/A       99%         4
 Agony                    Necr           0%         N/A       100%        5
 Irradiate                Conj/Tmut      0%         3d11      100%        5
 Summon Mana Viper        Hex/Summ       0%         N/A       100%        5
 Yara's Violent Unravell  Hex/Tmut       0%         3d3       100%        5
 Enfeeble                 Hex            0%         N/A       100%        7
 Monstrous Menagerie      Summ           0%         N/A       100%        7
 Ozocubu's Refrigeration  Ice            0%         4d7       100%        7
 Discord                  Hex            0%         N/A       100%        8


Dungeon Overview and Level Annotations

Branches:
Dungeon (11/15)            Temple (0/1) D:6            Lair (0/5) D:11
    Orc (0/2) D:11          IceCv (1/1)

Altars:
Cheibriados
Hepliaklqana
Makhleb
Nemelex Xobeh
Okawaru
Qazlal
Ru
Uskayaw
Wu Jian
Xom
Yredelemnul

Shops:
D:2 !   D:7 :

Annotations:
D:6 3 runed translucent doors, fly's ghost, weakling DgDe


Innate Abilities, Weirdness & Mutations

You are mostly covered in thin metallic scales. (AC +3)
You may rarely emit foul miasma when damaged in melee.
Spells you cast may paralyse nearby enemies.
Your touch may inflict irresistible damage on your foes.
You are strong-willed. (Will+)
Your muscles are strong. (Str +4, Int/Dex -1)
Your spells are a little harder to cast, but a little more powerful.
You occasionally lose the ability to drink potions when taking damage.


Message History

The ice devil is lightly wounded.
The wolf simulacrum bites you but does no damage.
The ice devil hits you but does no damage.
The ice devil hits you. The ice devil freezes you!
You feel yourself slow down.
A spriggan simulacrum comes into view.
The wolf simulacrum closely misses you.
As you read the scroll of teleportation, it crumbles to dust.
You feel strangely unstable. "Serve the toy, my child!"
The wolf simulacrum bites you but does no damage.
The ice devil hits you! The ice devil freezes you!
You feel threatened and lose the ability to drink potions!
* * * LOW HITPOINT WARNING * * *
The ice devil closely misses you.
The troll simulacrum completely misses you.
The troll simulacrum closely misses you.
The troll simulacrum claws you but does no damage.
The wolf simulacrum closely misses you.
The ice devil hits you but does no damage.
The ice devil hits you!
* * * LOW HITPOINT WARNING * * *
The ice devil freezes you!
* * * LOW HITPOINT WARNING * * *
Okay, then.
You cannot drink potions in your current state!
As you read the scroll of fear, it crumbles to dust.
You assume a fearsome visage.
The ice devil resists with some effort.
The wolf simulacrum is unaffected.
The ice devil looks frightened!
The spriggan simulacrum is unaffected.
The troll simulacrum is unaffected.
The wolf simulacrum bites you but does no damage.
Your ufetubus is engulfed in freezing vapours.
Your ufetubus hits the ice devil but does no damage.
Your ufetubus's attack snaps the ice devil out of its fear.
Your ufetubus hits the ice devil.
The troll simulacrum bites you but does no damage.
The troll simulacrum claws you.
* * * LOW HITPOINT WARNING * * *
The troll simulacrum freezes you!
You die...
Xom laughs nastily!

Z..... ..
..°§○##
..# ..§°○#
...#
.§☼§###..#
.○☼§#..# Z
5 ..☼..#
#5...#
#4Z.# Z
#@4.# W
#ZZ.# 4 2
....#
..#..# ..#
.## ##. .#
#. .# # ##


5 4 You could see 2 ice devils, a wolf simulacrum, a spriggan simulacrum, a
troll simulacrum and a friendly ufetubus (summoned).

Vanquished Creatures
  Josephine (D:11)
  A boulder beetle (D:11)
  3 two-headed ogres
  Pikel (D:7)
  An elephant (D:11)
  A gargoyle (D:10)
  An orange demon (D:8)
  2 kobold demonologists (D:10)
  A troll (D:11)
  A hornet (D:9)
  Prince Ribbit (D:5)
  Sigmund (D:6)
  2 wyverns
  4 yaks (D:10)
  6 wraiths
  2 basilisks (D:11)
  3 black bears
  An ice beast (D:7)
  A sky beast (D:6)
  3 orc warriors
  3 centaurs
  3 lemures (D:8)
  4 kobold brigands
  2 bullfrogs
  A two-headed ogre simulacrum (IceCv)
  2 gnoll sergeants
  17 wights
  3 killer bees (D:9)
  4 electric eels (D:6)
  2 gnoll boudas
  A hound (D:5)
  2 jellies
  3 orc priests (D:8)
  Jessica (D:3)
  Ijyb (D:5)
  An iguana (D:5)
  7 orc wizards
  A wolf simulacrum (IceCv)
  28 gnolls
  12 adders
  A shadow imp (D:5)
  A white imp (D:5)
  3 ufetubi
  3 worms (D:3)
  2 dart slugs
  29 orcs
  9 ball pythons
  4 endoplasms
  3 giant cockroaches
  9 hobgoblins
  8 jackals
  56 kobolds
  6 quokkas
  3 bats
  2 frilled lizards
  8 goblins
  6 rats
288 creatures vanquished.

Vanquished Creatures (collateral kills)
  Amaemon (D:7)
  2 kobolds (D:7)
3 creatures vanquished.

Vanquished Creatures (others)
  An orc (D:11)
1 creature vanquished.

Grand Total: 292 creatures vanquished

Notes
Turn   | Place    | Note
-------+----------+-------------------------------------------
     0 | D:1      | Malachi the Demonspawn Hunter began the quest for the Orb.
     0 | D:1      | Reached XP level 1. HP: 16/16 MP: 1/1
    92 | D:1      | Found a faded altar of an unknown god.
   103 | D:1      | Prayed at the altar of an unknown god.
   103 | D:1      | Became a worshipper of Xom of Chaos
   130 | D:1      | Reached skill level 4 in Ranged Weapons
   146 | D:1      | Gained mutation: You may rarely emit foul miasma when
                  | damaged in melee. [demonic ancestry]
   146 | D:1      | Reached XP level 2. HP: 22/22 MP: 2/2
   280 | D:1      | XOM: silly message
   700 | D:2      | Found Ecef's Distillery.
   706 | D:2      | XOM: silly message
   793 | D:2      | Gained mutation: You are partially covered in thin metallic
                  | scales. (AC +2) [demonic ancestry]
   793 | D:2      | Reached XP level 3. HP: 22/27 MP: 3/3
  1248 | D:3      | Reached skill level 5 in Ranged Weapons
  1329 | D:3      | Gained mutation: Your touch may inflict minor irresistible
                  | damage on your foes. [demonic ancestry]
  1329 | D:3      | Reached XP level 4. HP: 33/33 MP: 4/4
  1351 | D:3      | Found a stormy altar of Qazlal.
  1369 | D:3      | XOM: divination: detect items
  1451 | D:3      | XOM: scenery: summon butterflies
  1633 | D:3      | Noticed Jessica
  1637 | D:3      | Killed Jessica
  1681 | D:3      | XOM: 1-stop teleportation journey
  1891 | D:3      | Reached XP level 5. HP: 38/38 MP: 5/5
  1973 | D:3      | XOM is BORED!
  1973 | D:3      | XOM: give mutations
  1973 | D:3      | Gained mutation: You occasionally lose the ability to drink
                  | potions when taking damage. [Xom's mischief]
  1973 | D:3      | Gained mutation: You sometimes lose your temper in combat.
                  | [Xom's mischief]
  1973 | D:3      | Gained mutation: Your spells are a little harder to cast,
                  | but a little more powerful. [Xom's mischief]
  2084 | D:3      | Identified the +1 helmet of the True Pharaoh {rN++ Dex+3
                  | SInv}
  2445 | D:3      | Reached skill level 6 in Ranged Weapons
  2927 | D:4      | Found a hazy altar of Hepliaklqana.
  3373 | D:4      | Found a sparkling altar of Nemelex Xobeh.
  3532 | D:4      | XOM: noise
  3641 | D:5      | Entered Level 5 of the Dungeon
  3677 | D:5      | XOM: smoke on damage
  3786 | D:5      | Noticed Prince Ribbit
  3788 | D:5      | XOM: butterfly on damage
  3797 | D:5      | XOM: scenery: summon butterflies
  3810 | D:5      | Killed Prince Ribbit
  3811 | D:5      | Reached skill level 7 in Ranged Weapons
  3811 | D:5      | Gained mutation: You are mostly covered in thin metallic
                  | scales. (AC +3) [demonic ancestry]
  3811 | D:5      | Reached XP level 6. HP: 7/44 MP: 6/6
  3959 | D:5      | Noticed Ijyb
  3959 | D:5      | XOM: 8-stop teleportation journey
  3971 | D:5      | Killed Ijyb
  4090 | D:5      | Found a snail-covered altar of Cheibriados.
  4155 | D:5      | Identified the +0 chain mail of Ythenoy {Str+2 Dex+5}
  4235 | D:5      | XOM: stat loss: -1 Int (9/10)
  4367 | D:5      | Gained mutation: Spells you cast may paralyse adjacent
                  | enemies. [demonic ancestry]
  4367 | D:5      | Reached XP level 7. HP: 50/50 MP: 7/7
  4650 | D:5      | Found an iron altar of Okawaru.
  5078 | D:6      | Noticed Sigmund
  5087 | D:6      | Killed Sigmund
  5088 | D:6      | Reached skill level 8 in Ranged Weapons
  5181 | D:6      | XOM: scenery: 3 doors open
  5185 | D:6      | Lost mutation: You occasionally lose the ability to drink
                  | potions when taking damage. [potion of mutation]
  5185 | D:6      | Lost mutation: You sometimes lose your temper in combat.
                  | [potion of mutation]
  5185 | D:6      | Gained mutation: You are agile. (Dex +4, Str/Int -1)
                  | [potion of mutation]
  5233 | D:6      | XOM: silly message
  5742 | D:6      | XOM: summons 4 hostile demons
  5931 | D:6      | XOM: confusion (+ monsters)
  5943 | D:6      | XOM: noise
  5955 | D:6      | XOM: confusion
  6005 | D:7      | XOM: 1-stop teleportation journey
  6289 | D:6      | Reached skill level 9 in Ranged Weapons
  6306 | D:6      | Found a staircase to the Ecumenical Temple.
  6395 | D:6      | XOM: enchant monster (bad)
  6404 | D:6      | XOM: silly message
  6406 | D:6      | XOM: potion effect (heal wounds)
  6410 | D:6      | Reached XP level 8. HP: 33/56 MP: 8/8
  6540 | D:6      | Found a runed translucent gate.
  6542 | D:6      | Found a runed translucent gate.
  6544 | D:6      | Found a runed translucent gate.
  6544 | D:6      | Noticed fly's ghost (weakling DgDe)
  6566 | D:6      | XOM: divination: detect creatures
  6846 | D:6      | HP: 1/56 [electric eel/bolt of electricity (11)]
  6847 | D:6      | Xom revived you
  7151 | D:6      | Found a shimmering altar of Xom.
  7472 | D:6      | XOM: silly message
  7475 | D:6      | XOM: potion effect (invisibility)
  7490 | D:6      | Reached skill level 10 in Ranged Weapons
  7671 | D:6      | XOM: divination: detect creatures
  7684 | D:6      | Identified a scroll of acquirement
  7684 | D:6      | Acquired the +6 arbalest "Tirapleb" {vorpal, *Slow rF+
                  | Int+2}
  8480 | D:7      | Found Summuterph's Vocational Training.
  8484 | D:7      | XOM is BORED!
  8631 | D:7      | Reached skill level 11 in Ranged Weapons
  8656 | D:7      | Found a large runed translucent door.
  8656 | D:7      | Found a large runed translucent door.
  8657 | D:7      | Found a shimmering altar of Xom.
  8686 | D:7      | Found a sacrificial altar of Ru.
  8690 | D:7      | Found an ornate altar of the Wu Jian Council.
  8942 | D:7      | XOM: silly message
  8966 | D:8      | Noticed Pikel
  8977 | D:7      | XOM: divination: magic mapping
  8980 | D:7      | Killed Pikel
  8981 | D:7      | Gained mutation: Your touch may inflict irresistible damage
                  | on your foes. [demonic ancestry]
  8981 | D:7      | Reached XP level 9. HP: 52/61 MP: 9/9
  9116 | D:7      | XOM: give mutations
  9116 | D:7      | Gained mutation: You occasionally lose the ability to drink
                  | potions when taking damage. [Xom's mischief]
  9116 | D:7      | Lost mutation: You are agile. (Dex +4, Str/Int -1) [Xom's
                  | mischief]
  9119 | D:8      | Noticed Amaemon
  9128 | D:8      | Reached skill level 12 in Ranged Weapons
  9128 | D:8      | Noticed an orange demon
  9132 | D:7      | XOM: summons 2 friendly demons
  9138 | D:7      | Killed Amaemon
  9505 | D:7      | XOM: cloud trail
  9549 | D:8      | Noticed a two-headed ogre
  9555 | D:8      | XOM: butterfly on damage
  9560 | D:7      | HP: 1/61 [two-headed ogre/+0 giant club (22)]
  9988 | D:7      | Killed a two-headed ogre
  9989 | D:7      | Reached skill level 13 in Ranged Weapons
 10110 | D:7      | XOM: god gift: ring of protection from fire
 10111 | D:7      | XOM: 1-stop teleportation journey
 10218 | D:7      | XOM: give mutation
 10218 | D:7      | Gained mutation: Your muscles are strong. (Str +4, Int/Dex
                  | -1) [Xom's grace]
 10414 | D:7      | XOM: scenery: summon butterflies
 10541 | D:8      | XOM: give mutation
 10541 | D:8      | Gained mutation: You are strong-willed. (Will+) [Xom's
                  | grace]
 10543 | D:8      | Killed an orange demon
 10544 | D:8      | Reached XP level 10. HP: 59/67 MP: 10/10
 10695 | D:8      | Found a burning altar of Makhleb.
 10702 | D:8      | Found a basalt altar of Yredelemnul.
 10789 | D:8      | Reached skill level 14 in Ranged Weapons
 10856 | D:8      | Found a hide-covered altar of Uskayaw.
 11156 | D:9      | XOM: 1-stop teleportation journey
 11221 | D:9      | XOM: 2-stop teleportation journey
 11640 | D:10     | Entered Level 10 of the Dungeon
 11684 | D:10     | Reached skill level 15 in Ranged Weapons
 11757 | D:10     | Noticed a gargoyle
 11759 | D:10     | Killed a gargoyle
 11864 | D:10     | XOM: confuse monster(s)
 11956 | D:10     | XOM: enchant monster (good)
 11970 | D:10     | Gained mutation: Spells you cast may paralyse nearby
                  | enemies. [demonic ancestry]
 11970 | D:10     | Reached XP level 11. HP: 70/72 MP: 11/11
 12020 | D:10     | Noticed a two-headed ogre
 12022 | D:10     | Killed a two-headed ogre
 12128 | D:10     | XOM: divination: detect creatures
 12184 | D:10     | Noticed a two-headed ogre
 12188 | D:10     | Killed a two-headed ogre
 12189 | D:10     | Reached skill level 16 in Ranged Weapons
 12254 | D:10     | XOM: god gift: 47 gold pieces
 12587 | D:11     | Found a staircase to the Lair.
 12602 | D:11     | Noticed a boulder beetle
 12617 | D:11     | Killed a boulder beetle
 12651 | D:11     | Found a frozen archway.
 12661 | D:11     | Noticed Josephine
 12669 | D:11     | XOM: silly message
 12671 | D:11     | Killed Josephine
 12690 | D:11     | Reached skill level 17 in Ranged Weapons
 12761 | IceCv    | Entered an ice cave
 12833 | IceCv    | XOM: 1-stop teleportation journey
 12839 | IceCv    | XOM: divination: detect creatures
 12842 | IceCv    | XOM: summons friendly ufetubus
 12843 | IceCv    | Slain by a troll simulacrum

Illustrated notes

Levels and vault maps discovered:
D:1:      spicycebolla_green_bress_n_ham, layout_loops_cross,
          dreamdust_ecumenical_altar_grove, st_stairs_8
D:2:      layout_basic, serial_shops, shop, nrook_uturn, minivault_26
D:3:      layout_loops_corners, mainiacjoe_overflow_brackets,
          cheibrodos_sewer_entry_drain, uniq_jessica
D:4:      layout_cave_pools, worldfamousw_hep_ancestral_shrine,
          lemuel_crystal_altar
D:5:      layout_basic, elyvilon_altar_1, lemuel_doored_altar,
          mainiacjoe_overflow_24_doors, serial_rivers,
          chequers_serial_rivers_small_b, chequers_serial_rivers_room_a,
          chequers_serial_rivers_marsh, chequers_serial_rivers_micro_d,
          chequers_serial_rivers_room_b, uniq_ijyb, uniq_prince_ribbit1
D:6:      minmay_goblin_kobold_castle, layout_gridville, kennysheep_mini_moat,
          minmay_temple_entry_grid, ebering_ghost_rock_garden, uniq_sigmund
D:7:      due_chaos_kobolds, layout_rooms, mainiacjoe_overflow_catwalk_spiral,
          mainiacjoe_overflow_alcove_2, nicolae_shop_vocational
D:8:      layout_basic, eat_drink_and_be_merry_uskayaw,
          minmay_overflow_temple_star_quad, uniq_amaemon, uniq_pikel
D:9:      layout_basic
D:10:     layout_loops_ring
D:11:     layout_gridville, david_lair_generic, erik_orc_1,
          gauntlet_entry_generic, portal_ice_cave_entry_pillars_1,
          uniq_josephine, uniq_lodul
IceCv:    ice_cave_small_demon

Skill      XL: |  1  2  3  4  5  6  7  8  9 10 11 |
---------------+----------------------------------+-----
Ranged Weapons | 4 5 7 9 11 13 15 17 | 17.0
Fighting       | |  2.0
Dodging        | |  1.7
Stealth        | |  0.9

Action                   |  1- 3 |  4- 6 |  7- 9 | 10-12 || total
-------------------------+-------+-------+-------+-------++-------
 Fire: Shortbow          |    77 |   243 |   239 |       ||   559
       Arbalest          |       |       |   111 |   194 ||   305
  Use: Scroll            |       |     4 |     9 |     5 ||    18
       Potion            |       |     1 |    11 |     3 ||    15
Armor: Leather armour    |     9 |    59 |   105 |    24 ||   197
Dodge: Dodged            |    26 |   122 |   247 |    40 ||   435

Table legend: (Time is in decaauts)
 A = Elapsed time spent in this place.
 B = Non-inter-level travel time spent in this place.
 C = Inter-level travel time spent in this place.
 D = Time resting spent in this place.
 E = Time spent auto-exploring this place.
 F = Levels seen in this place.
 G = Mean time per level.
                   A        B        C        D        E       F      G
               +--------+--------+--------+--------+--------+-----+--------+
         Total |  13067 |  12632 |    435 |   2156 |   8442 |  12 | 1088.9 |
       Dungeon |  12984 |  12549 |    435 |   2084 |   8442 |  11 | 1180.4 |
      Ice Cave |     82 |     82 |      0 |     72 |      0 |   1 |   82.0 |
               +--------+--------+--------+--------+--------+-----+--------+

Top non-repeatable levels by time:
     D:6: 3361 daAuts
     D:7: 2011 daAuts
     D:3: 1559 daAuts
     D:5: 1448 daAuts
     D:4: 1005 daAuts
    D:10: 912 daAuts
     D:1: 669 daAuts
     D:8: 621 daAuts
     D:9: 613 daAuts
     D:2: 537 daAuts
    D:11: 244 daAuts
   IceCv: 82 daAuts
